Cogmind - Beta 14 @@@ ROGUE MODE // 2024.12.05 @ 01:45:57 Player: vilepis Result: Destroyed by S-10 Pest with Light Assault Rifle Performance ------------- Evolutions (1) 500 Regions Visited (2) 400 Robots Destroyed (27) 135 Value Destroyed (821) 821 Prototype IDs (2) 40 Alien Tech Used (0) 0 Bonus (0) 0 TOTAL SCORE: 1896 Bonus ------- None Cogmind --------- Core Integrity 0/400 Matter 300/300 Energy 100/100 System Corruption 1% Temperature Cool (0) Movement Core (100) Ox1 Location -9/Materials Parts ------- > --- POWER (1) -------- (None) > --- PROPULSION (2) --- (None) > --- UTILITY (3) ------ Structural Scanner Hacking Suite > --- WEAPON (3) ------- Particle Gun > --- INVENTORY (5) ---- (None) Peak State ------------ > --- POWER ------------ Improved Ion Engine > --- PROPULSION ------- Aluminum Leg Aluminum Leg > --- UTILITY ---------- Heat Sink Structural Scanner Hacking Suite > --- WEAPON ----------- Beam Rifle Particle Gun Datajack > --- INVENTORY -------- Sensor Array [Rating: 14] Favorites ----------- Power Ion Engine Engine Ion Engine Propulsion Compact Wheel Treads Light Treads Leg Aluminum Leg Wheel Compact Wheel Utility Sensor Array Device Sensor Array Storage Small Storage Unit Hackware Hacking Suite Protection Medium Armor Plating Weapon Particle Gun Energy Gun Particle Gun Ballistic Gun Assault Rifle Slashing Weapon Mining Claw Special Melee Weapon Datajack Build | -11 -10 -9 ------- Run | Yrd Mat Mat Slots Evolved 2 | . . 2 Power . | . . . Propulsion . | . . . Utility 1 | . . 1 Weapon 1 | . . 1 Parts Attached 34 | 6 10 18 Power 7 | 1 2 4 Engine 7 | 1 2 4 Core . | . . . Reactor . | . . . Propulsion 9 | 2 2 5 Treads 3 | . 2 1 Leg 4 | . . 4 Wheel 2 | 2 . . Hover . | . . . Flight . | . . . Utility 9 | 1 4 4 Device 5 | . 2 3 Storage 1 | 1 . . Processor . | . . . Hackware 1 | . . 1 Protection 2 | . 2 . Artifact . | . . . Weapon 9 | 2 2 5 Energy Gun 6 | 1 2 3 Energy Cannon . | . . . Ballistic Gun 1 | 1 . . Ballistic Cannon . | . . . Launcher . | . . . Special Weapon . | . . . Impact Weapon . | . . . Slashing Weapon 1 | . . 1 Piercing Weapon . | . . . Special Melee Weapon 1 | . . 1 Unidentified Prototypes . | . . . Parts Lost 16 | . . 16 Power 3 | . . 3 Propulsion 5 | . . 5 Utility 3 | . . 3 Weapon 5 | . . 5 Highest Loss Streak 7 | . . 7 To Critical Strikes . | . . . Average Slot Usage (%) 90 | . 98 85 Engine 11 | . 14 10 Treads 5 | . 4 6 Leg 6 | . . 12 Wheel 10 | . 23 . Device 17 | . 12 22 Storage 2 | . 4 . Hackware 1 | . . 2 Protection 4 | . 9 1 Energy Gun 21 | . 23 20 Ballistic Gun 2 | . 4 . Slashing Weapon 4 | . . 7 Special Melee Weapon 1 | . . 1 Peak Build Rating 14 | 6 10 14 Average Rating 9 | 4 8 10 On Entrance 5 | . 6 9 Naked Turns . | . . . Heaviest Build 19 | 14 19 16 Greatest Support 40 | 32 40 40 Greatest Overweight (x) 4 | . . 4 Average Overweight (x) . | . . . Largest Inventory Capacity 8 | 8 8 5 Average Capacity 5 | 5 5 5 Most Carried 5 | 3 5 4 Average Carried 2 | 1 3 2 Final Capacity 8 | 8 5 5 Final Carried 3 | 3 3 2 Class Distribution -------------------- 66% | Mutant 33% | Scavenger-Mutant Dominant Class ---------------- Mutant | -10/Materials Scavenger-Mutant | -9/Materials Resources | -11 -10 -9 ----------- Run | Yrd Mat Mat Matter Collected 563 | 190 198 175 Remotely . | . . . Salvage Created 976 | . 309 667 Parts 54 | . 18 36 Haulers Intercepted . | . . . Recyclers Shooed . | . . . Parts Field Recycled . | . . . Retrieved Matter . | . . . Parts Self-Destructed . | . . . Prevented . | . . . Kills | -11 -10 -9 ------- Run | Yrd Mat Mat Combat Hostiles Destroyed 21 | . 7 14 Melee 5 | . . 5 Guns 15 | . 6 9 Classes Destroyed 8 | . 3 5 Worker 1 | . . 1 Builder 1 | . . 1 Watcher 4 | . 3 1 Swarmer 2 | . 2 . Grunt 13 | . 5 8 Brawler 1 | . . 1 Duelist 1 | . . 1 Sentry 4 | . . 4 Best Kill Streak 5 | . 4 5 Combat Bots Only 4 | . 2 4 Max Kills in Single Turn 2 | . 2 1 Gunslinging 1 | . 1 . Exploded . | . . . Melee 1 | . . 1 Uniques/NPCs Destroyed . | . . . Combat | -11 -10 -9 -------- Run | Yrd Mat Mat Hostile Shots Fired 243 | . 44 199 Missed 57 | . 11 46 Damage Taken 2106 | . 345 1761 Core 447 | . 42 405 Absorbed by Shields 35 | . . 35 Regen/Repaired (Parts) 4 | . 4 . Core Remaining (%) 91 | 100 83 . Volleys Fired 82 | . 28 54 Largest 2 | . 2 2 Hottest 130 | . 130 130 Shots Fired 139 | . 53 86 Gun 139 | . 53 86 Cannon . | . . . Launcher . | . . . Special . | . . . Kinetic 16 | . 16 . Thermal 123 | . 37 86 Explosive . | . . . Electromagnetic . | . . . Robot Hit Streak 9 | . 7 9 Robot Miss Streak 4 | . 2 4 Penetration Max . | . . . Secondary Targets 2 | . 1 1 Max Gunslinging Chain 1 | . 1 1 Shots Hit Robots 118 | . 38 80 Core Hits 40 | . 14 26 Critical Kills . | . . . Critical Parts Destroyed . | . . . Critical Strikes 1 | . 1 . Burn 1 | . 1 . Melee Attacks 35 | . . 35 Impact . | . . . Slashing 31 | . . 31 Piercing . | . . . Sneak Attacks . | . . . Combat Hostiles . | . . . Follow-up Attacks . | . . . Damage Inflicted 1992 | . 530 1462 Guns 1481 | . 526 955 Cannons . | . . . Explosions . | . . . Melee 500 | . . 500 Ramming 11 | . 4 7 Kinetic 170 | . 170 . Thermal 1311 | . 356 955 Explosive . | . . . Electromagnetic . | . . . Impact . | . . . Slashing 500 | . . 500 Piercing . | . . . Highest Corruption 1 | . . 1 Average Corruption 1 | . . 1 Corruption Purged . | . . . Corruption Blocked . | . . . Overload Shots . | . . . Overflow Damage . | . . . Projectiles . | . . . Explosions . | . . . Melee . | . . . Knockbacks . | . . . Impact . | . . . Kinetic . | . . . Secondary . | . . . Self-Inflicted Damage 3 | . 1 2 Shots . | . . . Rammed 8 | . 4 4 Targets Rammed 10 | . 4 6 Kicked 2 | . . 2 Crushed . | . . . Highest Temperature 390 | . 342 390 Average Temperature 117 | . 98 130 Received Heat Transfer 816 | . 156 660 Effects 12 | . 5 7 Shutdowns 1 | . . 1 Energy Bleed 1 | . 1 . Interference 9 | . 4 5 Short Circuit 1 | . . 1 Siege Activations . | . . . Robots Corrupted . | . . . Combat Hostiles . | . . . Parts Fried . | . . . Impact Corruptions . | . . . Robots Melted 1 | . 1 . Combat Hostiles 1 | . 1 . Parts Melted 5 | . . 5 Heat Transferred 3293 | . 999 2294 Parts Sabotaged . | . . . Parts Stolen . | . . . Parts Stripped . | . . . Power Chain Reactions . | . . . Alert | -11 -10 -9 ------- Run | Yrd Mat Mat Peak Influence 304 | . 181 304 Initial 31 | . . 31 Average 145 | . 88 201 Maximum Alert Level 1 | . . 1 Low Security (%) 65 | 100 100 37 Level 1 34 | . . 62 Level 2 . | . . . Level 3 . | . . . Level 4 . | . . . Level 5 . | . . . High Security . | . . . Max Security . | . . . Squads Dispatched 6 | . 3 3 Investigation 2 | . 1 1 Extermination . | . . . Reinforcement 4 | . 2 2 Assault . | . . . Garrison . | . . . Intercept . | . . . Searches Triggered . | . . . Construction Impeded . | . . . Haulers Reinforced . | . . . Active Scanning Responses . | . . . Cargo Convoy Interrupts . | . . . Stealth | -11 -10 -9 --------- Run | Yrd Mat Mat Distress Signals 2 | . 1 1 Communications Jammed . | . . . Distress Signals . | . . . Times Spotted 42 | . 13 29 Peak Tracking Total 9 | . 4 9 Tactical Retreats 5 | . 1 4 Traps | -11 -10 -9 ------- Run | Yrd Mat Mat Traps Triggered . | . . . Indirectly . | . . . Trap Hack Attempts . | . . . Triggered . | . . . Disarmed 3 | . 3 . Reprogrammed . | . . . Reused . | . . . Traps Extracted . | . . . Installed . | . . . Triggered . | . . . Machines | -11 -10 -9 ---------- Run | Yrd Mat Mat Machines Disabled . | . . . Max in Single Turn . | . . . Machines Repaired . | . . . Machines Dismantled . | . . . Machines Sabotaged . | . . . Overloaded Fab Kills . | . . . Hacking | -11 -10 -9 --------- Run | Yrd Mat Mat Machines Accessed 9 | . 6 3 Terminals 6 | . 3 3 Fabricators . | . . . Repair Stations 1 | . 1 . Recycling Units 2 | . 2 . Scanalyzers . | . . . Garrison Access . | . . . Total Hacks 19 | . 11 8 Successful 11 | . 6 5 Failed 8 | . 5 3 Catastrophic . | . . . Database Lockouts . | . . . Manual . | . . . Terminals 13 | . 5 8 Fabricators . | . . . Repair Stations 2 | . 2 . Recycling Units 4 | . 4 . Scanalyzers . | . . . Garrison Access . | . . . Terminal Hacks 8 | . 3 5 Prototype ID Bank 1 | . . 1 Emergency Access Points 1 | . . 1 Recycling Unit Index 1 | . . 1 Unreport Threat 1 | . 1 . Locate Traps 2 | . 1 1 Disarm Traps 1 | . 1 . Dispatch Records 1 | . . 1 Fabricator Hacks . | . . . Repair Station Hacks 2 | . 2 . Scan Component 1 | . 1 . Repair 1 | . 1 . Recycling Unit Hacks 1 | . 1 . Retrieve Components 1 | . 1 . Scanalyzer . | . . . Garrison Access Hacks . | . . . Unauthorized Hacks . | . . . Terminals . | . . . Fabricators . | . . . Repair Stations . | . . . Recycling Units . | . . . Scanalyzers . | . . . Garrison Access . | . . . Data Cores Recovered . | . . . Used . | . . . Hacking Detections 4 | . 3 1 Full Trace Events 2 | . 1 1 Feedback Events . | . . . Feedback Blocked . | . . . Robot Schematics Acquired . | . . . Robots Built . | . . . Authchips . | . . . Time . | . . . Total Robot Build Rating . | . . . Part Schematics Acquired . | . . . Parts Built . | . . . Authchips . | . . . Time . | . . . Total Part Build Rating . | . . . Parts Repaired 1 | . 1 . Time 26 | . 26 . Parts Recycled . | . . . Recycled Matter . | . . . Retrieved Matter . | . . . Retrieved Components 3 | . 3 . Parts Scanalyzed . | . . . Part Schematics Acquired . | . . . Parts Damaged . | . . . Bothacking | -11 -10 -9 ------------ Run | Yrd Mat Mat Used RIF Installer . | . . . Robots Hacked 1 | . . 1 Non-combat . | . . . Combat 1 | . . 1 Robot Hacks Applied 1 | . . 1 parse_system 1 | . . 1 Relay Couplers Released . | . . . Fabnet Peak Effective % . | . . . Robots Rewired . | . . . Allies Hacked . | . . . Hacks Repelled . | . . . Allies | -11 -10 -9 -------- Run | Yrd Mat Mat Total Allies . | . . . Largest Group . | . . . Highest-Rated Group . | . . . Highest-Rated Ally . | . . . Total Orders . | . . . Ally Attacks . | . . . Total Damage . | . . . Kills . | . . . Allies Corrupted . | . . . Allies Melted . | . . . Intel | -11 -10 -9 ------- Run | Yrd Mat Mat Robot Analysis Total . | . . . Derelict Logs Recovered . | . . . Drone Launches . | . . . Drone Recoveries . | . . . Exploration | -11 -10 -9 ------------- Run | Yrd Mat Mat Turns Passed 1455 | 67 592 796 Spaces Moved 738 | 58 348 332 Core 9 | 5 . 4 Treads 122 | . 36 86 Legs 242 | . . 242 Wheels 365 | 53 312 . Hover . | . . . Flight . | . . . Fastest Speed 50 | 50 100 100 Average Speed 116 | 95 106 131 Slowest Speed 250 | 100 160 250 Overloaded Moves . | . . . Propulsion Burnouts . | . . . Robots Hopped . | . . . Cave-ins Triggered . | . . . Exploration Rate (%) 32 | 3 65 30 Regions Visited 2 Branch Regions . Pre-discovered Areas . | . . . Known Exits Taken . | . . . Unknown Exits Taken 2 | 1 1 . Scrap Searched . | . . . Spaces Dug . | . . . Terrain Destroyed . | . . . Melee . | . . . Projectile . | . . . AOE . | . . . Terrain Rammed . | . . . Walls Destroyed . | . . . Machines Disabled . | . . . Actions | -11 -10 -9 --------- Run | Yrd Mat Mat Total 1115 | 66 519 530 Wait 192 | . 116 76 Move 736 | 57 347 332 Hop . | . . . Pick Up 11 | 3 5 3 Fast Attach 16 | 6 2 8 Attach 4 | . . 4 Detach . | . . . Swap 14 | . 8 6 Drop 15 | . 9 6 Fire 82 | . 28 54 Melee 35 | . . 35 Ram 8 | . 4 4 Kick 2 | . . 2 Crush . | . . . Escape Stasis . | . . . Rewire . | . . . Trap . | . . . Miscellaneous . | . . . Route ------- -11/Scrapyard -10/Materials (discovered 3 exits: *Mat x2 / [*Min]) -9/Materials (discovered 1 exit: [*Min]) History --------- Turn | Location | Event 13 | -11/Scrapyard | Discovered new exit (range 16) 68 | -11/Scrapyard | Entered Materials 151 | -10/Materials | Discovered new exit (range 14) 254 | -10/Materials | Discovered new exit (range 9) 314 | -10/Materials | Build established: Mutant 607 | -10/Materials | Repaired Sensor Array 652 | -10/Materials | Discovered new exit (range 4) 660 | -10/Materials | Entered another Materials area 660 | -9/Materials | Evolved 2 slots: Utility x1, Weapon x1 949 | -9/Materials | Lost 4 parts (1p2n1w) 1139 | -9/Materials | Core integrity fell below 50% 1253 | -9/Materials | Lost 3 parts (1p2w) 1273 | -9/Materials | Build established: Scavenger-Mutant 1417 | -9/Materials | Core integrity fell below 20% 1454 | -9/Materials | Discovered new exit (range 7) 1456 | -9/Materials | Destroyed by S-10 Pest with Light Assault Rifle Last Messages --------------- 01394_ Dropped Imp. Ion Engine. 01411_ Heat Sink destroyed. 01415_ K-01 Serf cleans the Terminal. 01415_ Jacked S-10 Pest... >>parse_system Reading system data... 01419_ Aluminum Leg destroyed. 01422_ Datajack destroyed. 01422_ Beam Rifle destroyed. 01434_ Destroyed Flight Unit. 01437_ Aluminum Leg destroyed. 01439_ Destroyed Lgt. Ion Engine. 01447_ Slammed into S-10 Pest. 01450_ Particle Gun broken. 01450_ Destabilizing: Short circuit. 01450_ Shield Generator destroyed. 01452_ Slammed into S-10 Pest. 01454_ Destabilizing: System corrupted (+1). 01454_ EXIT=FOUND 01454_ Imp. Ion Engine destroyed. Map ----- +----------------------------------------------------+ | ?????????????????????????????????????????????????? | | ?????????????????????????????????????????????????? | | ?????????????????????????????????????????????????? | | ?????????????????????????????????????????????????? | | ?????????????????????????????????????????????????? | | ?????????????????????????????????????????????????? | | ?????????????????????????????????????????????????? | | ???????????????????????"?????????????????????????? | | ??????????????????????"""????????????????????????? | | ?????????????????????? ?????????????????????????? | | ?????????????####### ##???????????????????? | | ?????????????#########+## # ???????????????????? | | ????????????? """T""" #g # ???????????????????? | | ????????? #Y # ???????????????????? | | ##????????? # # ???????????????????? | | ##?????????""" [!??k + ???????????????????? | | ##??????????"" [] # # ???????????????????? | | ##???????????" !? # g ######???????????????? | | ##??????????? # ######???????????????? | | ##???????????###+##### ???????????????? | | ##???????????## # ??????????????????? | | ##????? ####### # ???????????????????? | | ## """ ####### # ##???????????????????? | | ## / + """ #u ##?????###???????????? | | ## ! #### ## """ #g # ##???????????? | | ############ ## """s/@s + ##???????????? | | ## # ######### # ##???????????? | | # = # # #### ###????###???????????? | | # # # ***#" ##??????????????????? | | % + """ # + ***#"? w ##??????????????????? | | %# """ # # ***# ? ##??????????????????? | | # """ # # #"? u ##??????????????????? | | #### "T" / # # ! ##??????????????????? | | #### """ # ######"" ##??????????????????? | | ############## ######" ##??????????????????? | | ############## ????### ###??????????????????? | | ##??????????## ???? ###??????????????????? | | #####???????## ?????? ##???????????????????? | | +#### ???????## ?????? ##???????????????????? | | # ???????## ? ????? ##???????????????????? | | # ???????# ? ???? ???????????????????? | | * # ????????^ "?" ???????????????????????????? | | # ????????^ "?" ???????????????????????????? | | ! # ????????? ??? !??????????????????????????? | | ##### ????????? ??? ! ?????????????????????????? | | ##### ????????? ???????????????????????????????? | | ##????????????? ???????????????????????????????? | | ##???????????????????????????????????????????????? | | ##???????????????????????????????????????????????? | | ##???????????????????????????????????????????????? | +----------------------------------------------------+ Best States ------------- Heat Dissipation 38 Energy Generation 12 Energy Capacity 265 Matter Stores 300 Matter Capacity 300 Sight Range 16 Robot Scan Range 14 Terrain Scan Density 10 Armor Coverage 225 Evasion (%) 55 Recoil Reduction 2 Offensive Hacking 10 Item Schematics ----------------- None Robot Schematics ------------------ None Fabricated ------------ Nothing Alien Tech Used ----------------- None Achievements -------------- None Challenges ------------ None Game ------ Seed PitchforkSupersonicSpiker Manual? 0 Play Time 00:17:31 Cumulative 6.5 hours Start 2024.12.05 @ 01:30:22 End 2024.12.05 @ 01:45:57 Sessions 1 Manual Loads 0 Difficulty Rogue Special Mode None Game No. 17 Rogue 17 Adventurer 0 Explorer 0 Win Type - Total 0 Types 0/0/0/0/0/0/0/0/0 Lore% 7 Gallery% 12 Achievement% 13 Wizard Run 0 Options --------- Layout 1 ASCII 0 Keyboard 0 Movement Mouse Keybinds 0 Fullscreen 2 Font 32/SmallcapsGlow Map View 50x35 Zoom Use 0% Tactical HUD 1 Map Filters NONE Filters NONE Steam 1 RUN: 177219c8-e52b-425e-a415-6a20adb53a82